 Dungeon Crawl Stone Soup version 0.30-a0-1075-gcd70e7a56d (webtiles) character file.

Game seed: 18126405330990893464

252 Firecrotchwizard the Chopper (level 6, 0/56 HPs)
             Began as a Hill Orc Monk on Apr 15, 2023.
             Was a Believer of Beogh.
             Slain by an orc
             ... wielding a +0 flail
              (6 damage)
             ... on level 3 of the Dungeon.
             The game lasted 00:06:50 (2683 turns).

Firecrotchwizard the Chopper (Hill Orc Monk)        Turns: 2683, Time: 00:06:51

Health: 0/56       AC:  7    Str: 16    XL:     6   Next: 13%
Magic:  6/6        EV: 10    Int: 10    God:    Beogh [**....]
Gold:   196        SH:  0    Dex: 13    Spells: 5/5 levels left

rFire   . . .      SeeInvis .    s - +1 dagger (elec)
rCold   . . .      Faith    .    d - orb {light}
rNeg    . . .      Spirit   .    g - +0 scale mail
rPois   .          Reflect  .    j - +0 helmet
rElec   .          Rampage  .    (no cloak)
rCorr   .                        (no gloves)
Will    .....                    (no boots) Stlth
                                 (no amulet)
HPRegen 0.29/turn                (no ring)
MPRegen 0.10/turn                (no ring)

@: glowing
A: no striking features
a: Renounce Religion, Smiting


You were on level 3 of the Dungeon.
You worshipped Beogh.
Beogh was pleased with you.
You visited 1 branch of the dungeon, and saw 4 of its levels.

You collected 196 gold pieces.

Inventory:

Hand Weapons
 a - a +0 hand axe
 s - a +1 dagger of electrocution (weapon)
Armour
 b - a +0 robe
 d - an orb of light (worn)
 g - a +0 scale mail (worn)
 j - a +0 helmet (worn)
Jewellery
 p - the ring of Junauha {rElec rPois MP-9 AC+4 Str+6}
   (You found it on level 3 of the Dungeon)

   [ring of protection]

   AC:        It affects your AC (+4).
   Str:       It affects your strength (+6).
   rElec:     It insulates you from electricity.
   rPois:     It protects you from poison.
   MP:        It affects your magic capacity (-9).
Wands
 k - a wand of charming (8)
Scrolls
 e - 3 scrolls of identify {unknown}
 f - 2 scrolls of teleportation {unknown}
 m - a scroll of blinking {unknown}
 o - a scroll of noise {unknown}
 q - a scroll of enchant armour {unknown}
 r - a scroll of vulnerability {unknown}
 t - a scroll of fog {unknown}
Potions
 c - a potion of ambrosia
 h - 2 potions of mutation {unknown}
 i - a potion of curing {unknown}
 l - a potion of flight {unknown}
 n - 2 potions of lignification {unknown}
 u - a potion of degeneration {unknown}
 v - a potion of haste {unknown}


   Skills:
 + Level 5.0 Fighting
 * Level 6.8 Axes
 + Level 2.9 Armour
 - Level 2.4 Dodging
 - Level 1.5 Stealth


You had 5 spell levels left.
You didn't know any spells.
Your spell library contained the following spells:

 Spells                   Type           Power      Damage    Failure   Level
 Ensorcelled Hibernation  Hex/Ice        0%         N/A       90%         2
 Dazzling Flash           Conj/Hex       0%         N/A       99%         3
 Spider Form              Tmut/Pois      0%         N/A       99%         3
 Volatile Blastmotes      Fire/Tloc      0%         2d10      99%         3
 Anguish                  Hex/Necr       0%         N/A       100%        4
 Iskenderun's Mystic Bla  Conj/Tloc      0%         2d3       100%        4
 Starburst                Conj/Fire      0%         6d3       100%        6


Dungeon Overview and Level Annotations

Branches:
Dungeon (4/15)
 Temple: D:4-7

Altars:


Message History

An orc comes into view. It is wielding a +0 war axe.
Unknown command.
The orc shouts!
The orc closely misses the orc.
You swap places.
You hit the orc.
The orc is heavily wounded.
The orc hits you but does no damage.
You hit the orc.
You kill the orc!
Beogh accepts your kill.
No target in view!
You now have 185 gold pieces (gained 10).
You now have 196 gold pieces (gained 11).
Found a stone staircase leading down.
You swap places.
You open the door.
There is an open door here.
A bat comes into view.
A bat is nearby!
The bat hits you but does no damage.
You hit the bat.
You kill the bat!
Beogh accepts your kill.
No target in view!
A frilled lizard comes into view.
The frilled lizard hisses angrily.
You hit the frilled lizard.
Lightning courses through the frilled lizard!
You kill the frilled lizard!
Beogh accepts your kill.
No target in view!
There is a stone staircase leading down here.
There is an open door here.
Found a hammer.
Found a hammer.
Found a hammer.
(D) Dungeon
Where to? (Enter - D:3, ? - help)
There is a stone staircase leading up here.
You climb upwards.
There is a stone staircase leading down here.
There is a dry fountain here.
There is a stone staircase leading down here.
You see here a +0 war axe.
Found 3 stones.
Done exploring.
(D) Dungeon
Where to? (Enter - D:2, ? - help)
There is a stone staircase leading down here.
You climb downwards.
There is a stone staircase leading up here.
(D) Dungeon
Where to? (Enter - D:3, ? - help)
There is a stone staircase leading down here.
You climb downwards.
The orc shouts! x3; The orc priest shouts!
You hear a shout!
There is a stone staircase leading up here.
There are monsters nearby!
You hit the orc.
The orc is moderately wounded.
An orc comes into view. It is wielding a +0 flail.
The orc barely misses you. The orc hits you with a +0 short sword.
You hit the orc.
The orc is almost dead.
The orc priest mumbles some strange prayers to Beogh against you.
Beogh smites you! The orc closely misses you. The orc barely misses you.
The orc hits you with a +0 flail!
The orc priest calls down the wrath of Beogh upon you.
Beogh smites you!
* * * LOW HITPOINT WARNING * * *
The orc misses you. The orc hits you but does no damage.
The orc barely misses you. The orc completely misses you.
You climb upwards.
There is a stone staircase leading down here.
You are too injured to fight recklessly!
You hit the orc.
You kill the orc!
Beogh accepts your kill. The orc hits you with a +0 flail!
* * * LOW HITPOINT WARNING * * *
The orc hits you but does no damage. The orc barely misses you.
You hit the orc.
The orc is lightly wounded.
The orc hits you with a +0 flail.
* * * LOW HITPOINT WARNING * * *
The orc barely misses you. The orc hits you with a +0 flail.
* * * LOW HITPOINT WARNING * * *
You hit the orc. Lightning courses through the orc!
You kill the orc!
Beogh accepts your kill. The orc hits you but does no damage.
The orc hits you with a +0 flail.
* * * LOW HITPOINT WARNING * * *
You hit the orc.
The orc is lightly wounded.
The orc hits you with a +0 flail.
* * * LOW HITPOINT WARNING * * *
The orc hits you with a +0 flail.
You die...
Beogh appreciates the orc's killing of a heretic priest.

### ### #.# #.##
#.################## #...
#..................# #.##
##.###############.####.##
#######..#
#.......).......[..
#.......'###
#.#########.#......
#.###.###..#
#o#o.######.#.<#... #.# ♣.♣
#..# #.@)..#...#.#######
#.#♣♣.♣♣#..#
#..)..#...#........
#.........##
#.........+.....###
###♣♣.♣♣###
#...#.....#.......# ♣.♣
####.................#
#.#####....................#
#.##.##......#...<..†......#
#....##......######........#
####.#####.............#####


You could see 2 orcs.

Vanquished Creatures
  Terence (D:2)
  Jessica (D:2)
  Robin (D:2)
  3 gnolls
  5 adders
  3 worms
  2 dart slugs
  4 orcs (D:3)
  10 endoplasms
  4 giant cockroaches
  17 goblins
  4 hobgoblins
  5 jackals (D:2)
  5 kobolds
  3 quokkas
  5 ball pythons
  11 bats
  5 frilled lizards
  5 rats
94 creatures vanquished.

Notes
Turn   | Place    | Note
-------+----------+-------------------------------------------
     0 | D:1      | Firecrotchwizard the Hill Orc Monk began the quest for the
                  | Orb.
     0 | D:1      | Reached XP level 1. HP: 19/19 MP: 1/1
   180 | D:1      | Reached XP level 2. HP: 20/27 MP: 2/2
   342 | D:1      | Reached skill level 1 in Armour
   548 | D:1      | Reached XP level 3. HP: 29/33 MP: 3/3
   826 | D:2      | Reached skill level 5 in Axes
   879 | D:1      | Reached XP level 4. HP: 20/40 MP: 4/4
  1077 | D:2      | Noticed Jessica
  1091 | D:2      | Killed Jessica
  1230 | D:2      | Noticed Robin
  1272 | D:2      | Reached XP level 5. HP: 37/47 MP: 5/5
  1426 | D:2      | Killed Robin
  1427 | D:2      | Reached skill level 6 in Axes
  1463 | D:2      | Noticed Terence
  1470 | D:2      | Killed Terence
  1649 | D:2      | Found a faded altar of an unknown god.
  2017 | D:3      | Identified the ring of Junauha {rElec rPois MP-9 AC+4
                  | Str+6}
  2291 | D:3      | Reached XP level 6. HP: 55/55 MP: 6/6
  2296 | D:3      | Reached skill level 5 in Fighting
  2442 | D:3      | Became a worshipper of Beogh the Brigand
  2442 | D:3      | Reached * piety under Beogh
  2442 | D:3      | Reached ** piety under Beogh
  2683 | D:3      | Slain by an orc

Illustrated notes

Levels and vault maps discovered:
D:1:      dpeg_arrival_water_temple_mockup, layout_basic, minmay_quantized
D:2:      minmay_spotlight, layout_loops_ring,
          hellmonk_ecumenical_altar_run_dry, uniq_robin, uniq_terence,
          uniq_jessica
D:3:      layout_basic, minmay_tree_intersection, uniq_crazy_yiuf_cottage
D:4:      layout_basic

Skill      XL: |  1  2  3  4  5  6 |
---------------+-------------------+-----
Armour         | 1 2 |  2.9
Fighting       | 4 5 |  5.0
Axes           | 5 6 |  6.8
Dodging        | |  2.4
Stealth        | |  1.5

Action                     |  1- 3 |  4- 6 || total
---------------------------+-------+-------++-------
  Melee: Hand axe          |    15 |       ||    15
         Dagger            |    88 |   184 ||   272
 Invoke: Convert to Beogh  |       |     1 ||     1
 Armour: Scale mail        |    63 |    79 ||   142
  Dodge: Dodged            |    75 |    98 ||   173

Table legend: (Time is in decaauts)
 A = Elapsed time spent in this place.
 B = Non-inter-level travel time spent in this place.
 C = Inter-level travel time spent in this place.
 D = Time resting spent in this place.
 E = Time spent auto-exploring this place.
 F = Levels seen in this place.
 G = Mean time per level.
                   A        B        C        D        E       F      G
               +--------+--------+--------+--------+--------+-----+--------+
         Total |   2687 |   2515 |    172 |    381 |   1520 |   4 |  671.8 |
       Dungeon |   2687 |   2515 |    172 |    381 |   1520 |   4 |  671.8 |
               +--------+--------+--------+--------+--------+-----+--------+

Top non-repeatable levels by time:
     D:2: 1044 daAuts
     D:1: 1004 daAuts
     D:3: 634 daAuts
     D:4: 3 daAuts
